 Dungeon Crawl Stone Soup version 0.30.1 (webtiles) character file.

Game seed: 17363734829314584558

1103 Babbit the Chopper (level 8, 0/70 HPs)
             Began as a Minotaur Fighter on July 12, 2023.
             Was an Initiate of Okawaru.
             Engulfed by a steam dragon's steam (8 damage)
             ... on level 6 of the Dungeon.
             The game lasted 00:32:57 (4587 turns).

Babbit the Chopper (Minotaur Fighter)               Turns: 4587, Time: 00:32:58

Health: 0/70       AC:  8    Str: 24    XL:     8   Next: 10%
Magic:  7/7        EV:  9    Int:  5    God:    Okawaru [......]
Gold:   282        SH:  9    Dex:  9    Spells: 7/7 levels left

rFire   . . .        a - +0 war axe
rCold   . . .        l - +0 kite shield
rNeg    . . .        b - +0 scale mail
rPois   .            (helmet restricted)
rElec   .            f - +0 cloak
rCorr   .            (no gloves)
SInv    .            (no boots)
Will    .....        (no amulet) Stlth
                     (no ring)
HPRegen 0.31/turn    (no ring)
MPRegen 0.10/turn

%: no passive effects
@: no status effects
A: horns 2, retaliatory headbutt
a: Renounce Religion


You were on level 6 of the Dungeon.
You worshipped Okawaru.
Okawaru was noncommittal.
You visited 2 branches of the dungeon, and saw 7 of its levels.

You collected 282 gold pieces.

Inventory:

Hand Weapons
 a - a +0 war axe (weapon)
 t - the +5 glaive of the Guard {elec, spectral, AC+5}
   (You found it on level 4 of the Dungeon)

   AC:        It affects your AC (+5).
Missiles
 m - 5 boomerangs (quivered)
 o - a throwing net
Armour
 b - a +0 scale mail (worn)
 f - a +0 cloak (worn)
 l - a +0 kite shield (worn)
Wands
 v - a wand of roots (14)
 x - a wand of flame (20)
Scrolls
 d - a scroll of teleportation {unknown}
 e - a scroll of enchant weapon {unknown}
 g - 2 scrolls of silence
 k - 3 scrolls of identify
 p - a scroll of fear
 s - 2 scrolls of amnesia {unknown}
 w - a scroll of brand weapon {unknown}
 y - a scroll of torment {unknown}
 A - a scroll of blinking {unknown}
Potions
 c - a potion of heal wounds
 h - 2 potions of cancellation
 i - a potion of resistance
 j - a potion of curing
 n - a potion of berserk rage
 q - a potion of haste
 u - a potion of lignification
 z - a potion of brilliance {unknown}


   Skills:
 + Level 6.2 Fighting
 * Level 7.5 Axes
 + Level 6.2 Armour
 + Level 6.2 Shields


You had 7 spell levels left.
You didn't know any spells.
Your spell library contained the following spells:

 Spells                   Type           Power      Damage    Failure   Level
 Freeze                   Ice            0%         1d3       94%         1
 Sandblast                Erth           0%         2d4       94%         1
 Passwall                 Tmut/Erth      0%         N/A       98%         2
 Ozocubu's Armour         Ice            0%         N/A       100%        3
 Portal Projectile        Hex/Tloc       0%         N/A       100%        3
 Stone Arrow              Conj/Erth      0%         3d7       100%        3
 Blade Hands              Tmut           0%         N/A       100%        5
 Freezing Cloud           Conj/Ice/Air   0%         6-21      100%        5
 Summon Small Mammal      Summ           Unusable   N/A       N/A         1
 Call Canine Familiar     Summ           Unusable   N/A       N/A         3
 Summon Guardian Golem    Hex/Summ       Unusable   N/A       N/A         3
 Tukima's Dance           Hex            Unusable   N/A       N/A         3

Dungeon Overview and Level Annotations

Branches:
Dungeon (6/15)             Temple (1/1) D:5

Altars:
Ashenzari
Cheibriados
Dithmenos
Gozag
Kikubaaqudgha
Okawaru
Trog
The Shining One


Innate Abilities, Weirdness & Mutations

You have a pair of horns on your head.
You reflexively headbutt those who attack you in melee.


Message History

You hit the steam dragon.
The steam dragon is lightly wounded.
You are engulfed in a cloud of scalding steam.
The steam dragon bites you. You block the steam dragon's attack.
You slash the steam dragon! Your headbutt misses the steam dragon.
The steam dragon is moderately wounded.
The steam dragon bites you. You block the steam dragon's attack.
You slash the steam dragon!
The steam dragon is severely wounded.
You block the steam dragon's attack. The steam dragon closely misses you.
You hit the steam dragon but do no damage.
The steam dragon is severely wounded.
The steam dragon barely misses you.
The steam dragon claws you but does no damage.
The steam dragon breathes steam at you. The ball of steam hits you!
You hit the steam dragon but do no damage.
The steam dragon is severely wounded.
You are engulfed in a cloud of scalding steam.
You block the steam dragon's attack.
The steam dragon claws you but does no damage.
You barely miss the steam dragon.
You headbutt the steam dragon, but do no damage.
The steam dragon is severely wounded.
You are engulfed in a cloud of scalding steam.
* * * LOW HITPOINT WARNING * * *
The steam dragon bites you but does no damage.
The steam dragon claws you but does no damage.
You hit the steam dragon but do no damage.
The steam dragon is severely wounded.
You block the steam dragon's attack. x2
You slash the steam dragon!
The steam dragon is almost dead.
The steam dragon breathes steam at you. The ball of steam hits you!
* * * LOW HITPOINT WARNING * * *
You hit the steam dragon but do no damage.
The steam dragon is almost dead.
You are engulfed in a cloud of scalding steam.
You die...

#..#####......#
#.# #./....##
#.......#
#.......#
#..........
#......####
#......#
########......##
......D@§§....§.
.####..####.._§.#
....? ......
###### #.### ..
##


You could see a steam dragon.

Vanquished Creatures
  The ghost of cayman329 the Chopper, an amateur GnCA of Ignis (D:5)
  An ogre (D:3)
  Blork the orc (D:4)
  2 scorpions
  3 killer bees (D:5)
  A vampire bat (D:4)
  A jelly (D:5)
  An iron imp (D:4)
  2 iguanas
  Terence (D:2)
  3 orc wizards
  5 adders
  A white imp (D:6)
  2 ufetubi (D:5)
  3 fire bats (D:4)
  2 worms
  18 orcs
  2 spectral bats (D:4)
  6 ball pythons
  14 bats
  3 bat skeletons (D:4)
  A bat zombie (D:4)
  6 endoplasms
  A giant cockroach (D:1)
  6 hobgoblins
  5 kobolds
  A bat simulacrum (D:4)
  A frilled lizard (D:2)
  10 goblins
  8 rats
112 creatures vanquished.

Notes
Turn   | Place    | Note
-------+----------+-------------------------------------------
     0 | D:1      | Babbit the Minotaur Fighter began the quest for the Orb.
     0 | D:1      | Reached XP level 1. HP: 19/19 MP: 0/0
   154 | D:1      | Reached XP level 2. HP: 23/27 MP: 1/1
   314 | D:1      | Reached skill level 3 in Axes
  1099 | D:2      | Reached XP level 3. HP: 22/33 MP: 2/2
  1104 | D:2      | Noticed Terence
  1115 | D:2      | Killed Terence
  1511 | D:3      | Reached XP level 4. HP: 40/40 MP: 3/3
  1766 | D:3      | Noticed an ogre
  1777 | D:3      | Killed an ogre
  1778 | D:3      | Reached skill level 4 in Axes
  1778 | D:3      | Reached XP level 5. HP: 7/47 MP: 4/4
  1940 | D:3      | Found a shadowy altar of Dithmenos.
  2332 | D:4      | Reached skill level 5 in Axes
  2332 | D:4      | Reached XP level 6. HP: 40/55 MP: 5/5
  2340 | D:4      | Found the +5 glaive of the Guard {elec, spectral, AC+5}
  2455 | D:4      | Found a snail-covered altar of Cheibriados.
  2505 | D:4      | Noticed Blork the orc
  2518 | D:4      | Killed Blork the orc
  2519 | D:4      | Reached skill level 5 in Fighting
  2519 | D:4      | Reached skill level 5 in Armour
  2519 | D:4      | Reached skill level 5 in Shields
  3014 | D:4      | Reached skill level 6 in Axes
  3053 | D:4      | Reached XP level 7. HP: 49/60 MP: 6/6
  3377 | D:5      | Entered Level 5 of the Dungeon
  3398 | D:5      | Found a runed translucent door.
  3405 | D:5      | Noticed cayman329's ghost (amateur GnCA)
  3434 | D:5      | Killed cayman329's ghost
  3747 | D:5      | Found a broken altar of Ashenzari.
  3754 | D:5      | Reached skill level 7 in Axes
  4102 | D:5      | Found a staircase to the Ecumenical Temple.
  4114 | D:5      | Reached XP level 8. HP: 33/70 MP: 7/7
  4300 | Temple   | Entered the Ecumenical Temple
  4306 | Temple   | Became a worshipper of Warmaster Okawaru
  4564 | D:6      | Got Zusak's Spellbook of Firn
  4571 | D:6      | Found a bloodstained altar of Trog.
  4587 | D:6      | Engulfed by a steam dragon's steam

Illustrated notes

Levels and vault maps discovered:
D:1:      scummos_arrival_simple_crosswalls, layout_rooms
D:2:      layout_basic, uniq_terence
D:3:      layout_basic, mainiacjoe_overflow_paths
D:4:      layout_loops_ring, slow_altar_1, serial_shops,
          nicolae_shop_back_alley_shop, goddamned_bats, uniq_blork_the_orc
D:5:      layout_basic, lemuel_tele_altar, minmay_temple_entry_hall,
          ebering_ghost_sewer_d
D:6:      layout_basic, mainiacjoe_overflow_boulevard
Temple:   chequers_temple_sunken

Skill      XL: |  1  2  3  4  5  6  7 |
---------------+----------------------+-----
Axes           | 3 4 5 6 7 |  7.5
Fighting       | 4 5 6 |  6.2
Armour         | 4 5 6 |  6.2
Shields        | 4 5 6 |  6.2

Action                     |  1- 3 |  4- 6 |  7- 9 || total
---------------------------+-------+-------+-------++-------
  Melee: War axe           |    75 |   123 |   121 ||   319
         Headbutt          |     7 |    17 |    15 ||    39
  Throw: Boomerang         |     4 |     4 |       ||     8
    Use: Scroll            |     3 |     3 |     5 ||    11
         Potion            |       |     3 |     3 ||     6
 Armour: Scale mail        |    28 |    71 |    41 ||   140
  Dodge: Dodged            |    37 |    52 |    34 ||   123
  Block: Buckler           |     9 |       |       ||     9
         Kite shield       |    11 |    68 |    68 ||   147
